[Event "*** Titled Tuesday Blitz"]
[Site "Chess.com"]
[Date "2019.03.05"]
[Round "1"]
[White "Zq1"]
[Black "dopolian"]
[Result "1/2-1/2"]
[WhiteElo "2526"]
[BlackElo "2160"]
[TimeControl "180+2"]
[EndTime "13:06:26 PST"]
[Termination "Game drawn by agreement"]

1. d4 Nf6 2. c4 c5 3. Nf3 cxd4 4.
Nxd4 e5 5. Nb5 d5 6. cxd5 Bc5 7. N5c3 O-O 8. g3 e4 9. Bg2 Re8 10. O-O Bf5 11. Bg5 h6 12. Bxf6 Qxf6 13. e3 Nd7 14.
Nd2 Qg6 15. Nb3 Bd6 16. Nd4 Rac8 17. Nxf5 Qxf5 18. Qd4 Nf6 19. Rac1 a6 20. Nxe4 Rxc1 21. Nxf6+ Qxf6 22. Rxc1 Qxd4 23. exd4 Bb4 24. Kf1 Kf8 25.
a3 Bd2 26. Rd1 Ba5 27. d6 Rd8 28. Bxb7 Rxd6 29. d5 Rb6 30. Bc6 Rxb2 31. d6 Rd2 32. Rxd2 Bxd2 33. Ke2 Bc1 34. a4 Ba3 35. d7 Ke7 36. Kd3 a5 37. f4 Bc5 38. Ke4 Bg1 39.
h4 Bf2 40. Kf3 Be1 41. h5 g6 42. hxg6 fxg6 43. g4 Bd2 44. Be4 g5 45. fxg5 1/2-1/2

[Event "*** Titled Tuesday Blitz"]
[Site "Chess.com"]
[Date "2019.03.05"]
[Round "1"]
[White "MikaelyanArman"]
[Black "Gentlejimmy7"]
[Result "1/2-1/2"]
[WhiteElo "2723"]
[BlackElo "2369"]
[TimeControl "180+2"]
[EndTime "13:06:27 PST"]
[Termination "Game drawn by repetition"]

1. e4 e5 2. Nc3 Nf6 3. Bc4 Bb4 4. Nge2 Nc6 5. d3 d6 6. O-O Bg4 7. h3 Bxc3 8. bxc3 Be6 9. Bxe6 fxe6 10. f4 exf4 11.
Bxf4 Qd7 12. Rb1 O-O-O 13. Qc1 e5 14. Be3 b6 15. c4 Rhf8 16. a4 Nh5 17. Qa3 Rxf1+ 18.
Rxf1 Qe7 19. Nc3 Rf8 20. Rxf8+ Qxf8 21. Kh2 Qf1 22. a5 Qe1 23. Nd5 Qg3+ 24. Kg1 Qe1+ 25. Kh2 Qg3+ 26. Kg1 Qe1+ 27. Kh2 1/2-1/2

[Event "*** Titled Tuesday Blitz"]
[Site "Chess.com"]
[Date "2019.03.05"]
[Round "1"]
[White "tango_argentino"]
[Black "Chess2019Player"]
[Result "1-0"]
[WhiteElo "2498"]
[BlackElo "2077"]
[TimeControl "180+2"]
[EndTime "13:06:29 PST"]
[Termination "tango_argentino won by resignation"]

1. e4 e6 2. d4 d5 3. Nc3 Nf6 4.
e5 Nfd7 5. f4 c5 6. Nf3 Nc6 7.
Be3 Be7 8. a3 O-O 9. dxc5 Nxc5 10.
Be2 b6 11. O-O Ba6 12. Bxa6 Nxa6 13. b4 Nc7 14. Ne2 Qd7 15. Qd3 b5 16. c3 a5 17. Ned4 Ra6 18. f5 exf5 19. Nxf5 Rfa8 20. Bh6 gxh6 21. Nxh6+ Kh8 22. Nxf7+ Kg7 23. N3g5 Bxg5 24.
Nxg5 Rh8 25. Qg3 h6 26. Ne4+ 1-0

[Event "*** Titled Tuesday Blitz"]
[Site "Chess.com"]
[Date "2019.03.05"]
[Round "1"]
[White "grzechu96"]
[Black "andy_rekt"]
[Result "1-0"]
[WhiteElo "2563"]
[BlackElo "2182"]
[TimeControl "180+2"]
[EndTime "13:06:30 PST"]
[Termination "grzechu96 won by resignation"]

1. e4 c5 2. Nf3 d6 3. Bb5+ Nd7 4.
Ba4 Nf6 5. O-O g6 6. d3 Bg7 7. c4 O-O 8. Nc3 a6 9. Rb1 Rb8 10. a3 Ne8 11. Bd2 Nc7 12. b4 b5 13.
Bb3 Bb7 14. Re1 bxc4 15. Bxc4 Nb6 16. Ba2 cxb4 17. Rxb4 Ne6 18. Qb1 Bc6 19. Bxe6 fxe6 20. Ng5 Bd7 21. Qb3 Rf6 22. Be3 Bb5 23. Nxb5 axb5 24.
Nxe6 1-0

[Event "*** Titled Tuesday Blitz"]
[Site "Chess.com"]
[Date "2019.03.05"]
[Round "1"]
[White "Ibraev_Vasilj"]
[Black "LawrenceTrent"]
[Result "0-1"]
[WhiteElo "2143"]
[BlackElo "2530"]
[TimeControl "180+2"]
[EndTime "13:06:32 PST"]
[Termination "LawrenceTrent won by resignation"]

1. d4 d5 2. Nf3 Nf6 3. c4 e6 4. Nc3 dxc4 5. e3 a6 6. Bxc4 b5 7. Be2 Bb7 8. O-O Nbd7 9. Bd2 Bd6 10. Rc1 O-O 11. Bd3 e5 12. Bb1 Qe7 13. dxe5 Nxe5 14.
Nd4 Neg4 15. h3 Nh6 16. Re1 c5 17. Nf3 Rad8 18. Qe2 Bb8 19. e4 Rfe8 20. Bg5 Qf8 21. Rcd1 Rxd1 22. Rxd1 b4 23. Bxf6 gxf6 24. Nd5 Qg7 25.
Qd2 f5 26. exf5 f6 27. Bc2 Kh8 28. Kf1 Rg8 29. g3 Bxg3 30. fxg3 Qxg3 31. Qf2 Qxh3+ 32. Ke1 Ng4 33. Qf1 Qg3+ 34. Kd2 Bxd5 0-1

[Event "*** Titled Tuesday Blitz"]
[Site "Chess.com"]
[Date "2019.03.05"]
[Round "1"]
[White "Krupko_Alexey"]
[Black "Amirreza_p"]
[Result "0-1"]
[WhiteElo "2419"]
[BlackElo "2830"]
[TimeControl "180+2"]
[EndTime "13:06:45 PST"]
[Termination "Amirreza_p won by checkmate"]

1. e4 e6 2. d3 d5 3. Qe2 Nf6 4.
Nf3 Nc6 5. g3 dxe4 6. dxe4 Bc5 7. Bg2 O-O 8. O-O e5 9. c3 a5 10.
a4 b6 11. Qc2 Ba6 12. Rd1 Qe7 13. Bg5 h6 14. Bxf6 Qxf6 15. Nbd2 Rfd8 16. Bf1 Bb7 17. Kg2 Ne7 18. Nc4 Ng6 19. Re1 h5 20. h4 Bc8 21.
Ne3 Bxe3 22. Rxe3 Bg4 23. Nd2 Rd7 24. f3 Be6 25. Bc4 Rad8 26. Rd3 Rxd3 27. Bxd3 Rd6 28. Rd1 Nxh4+ 29. gxh4 Qxh4 30. Rh1 Qd8 31. Rxh5 Rxd3 32. Nf1 g6 33. Rh2 Qg5+ 34. Kf2 Bc4 35. Rg2 Rxf3+ 36. Kg1 Rxf1+ 37. Kh2 Qh4# 0-1

[Event "*** Titled Tuesday Blitz"]
[Site "Chess.com"]
[Date "2019.03.05"]
[Round "1"]
[White "IIIlllII1llIl"]
[Black "Hieronymus00"]
[Result "1-0"]
[WhiteElo "2575"]
[BlackElo "2212"]
[TimeControl "180+2"]
[EndTime "13:06:47 PST"]
[Termination "IIIlllII1llIl won by resignation"]

1. e4 e5 2. Nf3 Nc6 3. Bc4 Nf6 4. Ng5 d5 5. exd5 Na5 6. d3 h6 7. Nf3 e4 8. Qe2 Nxc4 9. dxc4 Bc5 10. Nfd2 O-O 11.
Nb3 Qe7 12. Nxc5 Qxc5 13. Nc3 Bg4 14. Be3 Qb4 15. Qd2 Qxc4 16. h3 Bh5 17. g4 Bg6 18. O-O-O Rad8 19. g5 hxg5 20. Bxg5 Rd6 21. Bf4 Rd7 22. Be5 c6 23. Bxf6 gxf6 24. h4 cxd5 25. h5 Bh7 26. Rdg1+ Kh8 27. Qh6 1-0

[Event "*** Titled Tuesday Blitz"]
[Site "Chess.com"]
[Date "2019.03.05"]
[Round "1"]
[White "Bryakin_Mikhail"]
[Black "Chessmatus"]
[Result "1-0"]
[WhiteElo "2642"]
[BlackElo "2276"]
[TimeControl "180+2"]
[EndTime "13:06:48 PST"]
[Termination "Bryakin_Mikhail won by resignation"]

1. d4 Nf6 2. c4 g6 3. Nc3 d5 4. Bg5 Ne4 5. Bh4 Nxc3 6. bxc3 dxc4 7. e3 Be6 8. Nf3 Bg7 9. Qb1 Qc8 10. Be2 Nd7 11.
O-O Nb6 12. Rd1 Qd7 13. Nd2 O-O 14. Qb4 Nd5 15. Qb2 b5 16. Bf3 Rab8 17. Bg3 Nb6 18. Ne4 Na4 19. Qb4 Rfd8 20. Nc5 Nxc5 21. Qxc5 Rdc8 22.
Bc6 Qd8 23. Bxb5 Qd5 24. Qxd5 Bxd5 25. Bd7 Rf8 26. f3 f5 27. Rab1 g5 28. Bxc7 Rxb1 29. Rxb1 e5 30. Bxe5 Bxe5 31. dxe5 g4 32. Kf2 gxf3 33. gxf3 Rd8 34. Bxf5 1-0

[Event "*** Titled Tuesday Blitz"]
[Site "Chess.com"]
[Date "2019.03.05"]
[Round "1"]
[White "ASVZ"]
[Black "joppie2"]
[Result "0-1"]
[WhiteElo "2394"]
[BlackElo "2756"]
[TimeControl "180+2"]
[EndTime "13:06:50 PST"]
[Termination "joppie2 won by resignation"]

1. e4 c5 2. c3 Nf6 3. e5 Nd5 4. d4 cxd4 5. Qxd4 e6 6. Nf3 Nc6 7. Qe4 d6 8. Bb5 Bd7 9. c4 Nc7 10. exd6 Bxd6 11. O-O h6 12. Rd1 Qe7 13. Nc3 Rd8 14.
Bf4 Bxf4 15. Qxf4 e5 16. Qg3 O-O 17. Bxc6 Bxc6 18. Qxe5 Ne6 19. Nd5 Qc5 20. Rac1 a5 21. Nd4 Bxd5 22. Nxe6 fxe6 23. cxd5 Qxf2+ 24. Kh1 exd5 25. h3 d4 26. Rc7 Rf7 27. Qxa5 Rdd7 28. Qa8+ Kh7 29.
Rc8 Qe2 30. Rg1 d3 31. Rh8+ Kg6 32. Qa4 d2 33. Rd1 Rf1+ 34. Rxf1 Qxf1+ 35. Kh2 d1=Q 36. Qe4+ Qf5 37. Qe8+ Rf7 38. Rxh6+ Kxh6 39. Qh8+ Qh7 0-1

[Event "*** Titled Tuesday Blitz"]
[Site "Chess.com"]
[Date "2019.03.05"]
[Round "1"]
[White "vpantev"]
[Black "playablecharacter"]
[Result "1-0"]
[WhiteElo "2628"]
[BlackElo "2266"]
[TimeControl "180+2"]
[EndTime "13:06:50 PST"]
[Termination "vpantev won by resignation"]

1. d4 f5 2. g3 Nf6 3. Bg2 g6 4. Nh3 d6 5. d5 e5 6. dxe6 Na6 7.
Nf4 c6 8. h4 Nc5 9. c3 Nxe6 10.
Na3 d5 11. Nc2 Bd6 12. Nxe6 Bxe6 13. Bh6 Qc7 14. Nd4 Kf7 15. Qc2 Bxg3 16. Qd2 Ng4 17.
Be3 Rae8 18. Rh3 Nxe3 19. Qxe3 f4 20. Nxe6 fxe3 21. Nxc7 Bxf2+ 22. Kd1 Rd8 23. Rf3+ Ke7 24. Bh3 Rd6 25. Kc2 b6 26. Rd1 Rb8 27. Rd4 Rb7 28. Rdf4 Rd8 29. Rf7+ Kd6 30. R3f6+ Kc5 31. Ne6+ 1-0

[Event "*** Titled Tuesday Blitz"]
[Site "Chess.com"]
[Date "2019.03.05"]
[Round "1"]
[White "vgyogi"]
[Black "M1711"]
[Result "0-1"]
[WhiteElo "2104"]
[BlackElo "2513"]
[TimeControl "180+2"]
[EndTime "13:06:52 PST"]
[Termination "M1711 won by resignation"]

1. d4 Nf6 2. Bg5 d5 3. e3 c5 4. c3 Ne4 5. Bf4 Qb6 6. Qb3 c4 7. Qxb6 axb6 8. Nd2 Nxd2 9. Kxd2 b5 10. a3 Bf5 11. f3 e6 12. g4 Bg6 13. h4 h5 14. Be2 b4 15. Bxb8 bxc3+ 16. Kxc3 Rxb8 17. Nh3 hxg4 18. Nf4 Bh7 19. fxg4 Be4 20. Rh3 b5 21. b4 Be7 22. g5 Ra8 23. Nh5 g6 24. Nf6+ Bxf6 25. gxf6 Bf5 26. Rhh1 Kd7 27. h5 gxh5 28. Bxh5 Be4 29. Rh2 Rh6 0-1

[Event "*** Titled Tuesday Blitz"]
[Site "Chess.com"]
[Date "2019.03.05"]
[Round "1"]
[White "MFguimaraes"]
[Black "Anurag328"]
[Result "0-1"]
[WhiteElo "2308"]
[BlackElo "2684"]
[TimeControl "180+2"]
[EndTime "13:06:55 PST"]
[Termination "Anurag328 won by resignation"]

1. e4 g6 2. d4 Bg7 3. Nc3 d6 4.
Nf3 a6 5. a4 b6 6. Bf4 Bb7 7. Qd2 Nd7 8. h4 h6 9. Bc4 e6 10. Ba2 Ne7 11. d5 e5 12. Be3 f5 13.
exf5 gxf5 14. g3 Nc5 15. h5 Qd7 16. Bc4 Nxa4 17. Nxa4 b5 18. Bb3 bxa4 19. Bxa4 c6 20. dxc6 Bxc6 21. Bxc6 Qxc6 22. Qe2 f4 23. gxf4 exf4 24.
Bxf4 O-O 25. Qe6+ Kh8 26. Bxh6 Qxf3 27. Bxg7+ Kxg7 28. Qxe7+ Kh8 29. Kd2 Rae8 30. Qh4 Rf4 31. Qg3 Re2+ 32. Kc1 Qxh1+ 0-1

[Event "*** Titled Tuesday Blitz"]
[Site "Chess.com"]
[Date "2019.03.05"]
[Round "1"]
[White "AvitalBor"]
[Black "Maili15"]
[Result "1-0"]
[WhiteElo "2651"]
[BlackElo "2280"]
[TimeControl "180+2"]
[EndTime "13:06:58 PST"]
[Termination "AvitalBor won by resignation"]

1. e4 d5 2. exd5 Nf6 3. Nf3 Bg4 4. Be2 Nxd5 5. h3 Bh5 6. d4 e6 7. g4 Bg6 8. c4 Nb6 9. Nc3 Be7 10. Ne5 N8d7 11.
Nxg6 hxg6 12. Be3 c6 13. Qd2 Qc7 14. O-O-O Rc8 15. Kb1 a6 16. Bf4 Qd8 17. d5 cxd5 18. cxd5 Nxd5 19. Nxd5 exd5 20. Qxd5 Nc5 21. Qe5 Qb6 22. Bc4 Qf6 23. Rhe1 O-O 24. Qxf6 Bxf6 25. g5 Na4 26. Bb3 Nxb2 27. gxf6 Nxd1 28. Rxd1 gxf6 29.
Rd7 Rcd8 30. Rxb7 Kg7 31. Be3 Rc8 32. Rb6 Rh8 33. Bd4 Rxh3 34. Rxf6 Kh8 35. Rf3+ 1-0

[Event "*** Titled Tuesday Blitz"]
[Site "Chess.com"]
[Date "2019.03.05"]
[Round "1"]
[White "VeraNebolsina"]
[Black "Gabrielian_Artur"]
[Result "0-1"]
[WhiteElo "2358"]
[BlackElo "2731"]
[TimeControl "180+2"]
[EndTime "13:07:03 PST"]
[Termination "Gabrielian_Artur won by resignation"]

1. e4 c5 2. Nc3 d6 3. Bc4 Nf6 4. d3 e6 5. Bg5 Be7 6. f4 Nc6 7. Nf3 h6 8. Bxf6 Bxf6 9. O-O O-O 10. a4 Nd4 11. Kh1 Nxf3 12. Qxf3 Bd7 13. f5 Qe7 14. Rae1 Kh8 15. Nd1 Bxa4 16. Ne3 Bc6 17. Qh3 b5 18. Ba2 c4 19. dxc4 Bxe4 20. cxb5 Bg5 21.
Nd5 exd5 22. Bxd5 Bxd5 23. Rxe7 Bxe7 24. f6 Bxf6 25. Rxf6 gxf6 26. Qxh6+ Kg8 27. Qxf6 Rfe8 28. Qg5+ Kf8 29. h4 Re5 30. Qf6 Rae8 31. Qxd6+ Kg7 32. h5 R8e6 33. Qd8 Rxh5+ 34. Kg1 Rg6 0-1

[Event "*** Titled Tuesday Blitz"]
[Site "Chess.com"]
[Date "2019.03.05"]
[Round "1"]
[White "MatthewG-p4p"]
[Black "BasilSmash"]
[Result "1-0"]
[WhiteElo "2673"]
[BlackElo "2305"]
[TimeControl "180+2"]
[EndTime "13:07:04 PST"]
[Termination "MatthewG-p4p won by resignation"]

1. c4 e6 2. Nf3 d5 3. g3 Nf6 4. b3 Be7 5. Bb2 O-O 6. Bg2 c5 7. e3 b6 8. O-O Nc6 9. Nc3 Ba6 10.
d3 Qd7 11. Qe2 Rfd8 12. Rfd1 Rac8 13. Rac1 Qb7 14. h3 Qa8 15. g4 h6 16. g5 hxg5 17.
Nxg5 Bb7 18. cxd5 exd5 19. d4 cxd4 20. exd4 Re8 21. Qd3 Nb4 22. Qf5 g6 23. Qf4 Qb8 24. Qxb8 Rxb8 25. a3 Nc6 26. h4 Na5 27. Nb5 Nxb3 28.
Rc3 Na5 29. Re1 Nc4 30. Bc1 a6 31. Nc7 Bd6 32. Nxe8 Rxe8 33. Rxe8+ Nxe8 34. Rxc4 dxc4 35. Bxb7 a5 36. Bd5 1-0

[Event "*** Titled Tuesday Blitz"]
[Site "Chess.com"]
[Date "2019.03.05"]
[Round "1"]
[White "orrbaverlekszarnyon"]
[Black "Cryptochess"]
[Result "0-1"]
[WhiteElo "2169"]
[BlackElo "2548"]
[TimeControl "180+2"]
[EndTime "13:07:04 PST"]
[Termination "Cryptochess won by resignation"]

1. e4 d6 2. d4 Nf6 3. Nc3 g6 4. Be3 c6 5. Be2 b5 6. d5 b4 7. Nb1 cxd5 8. exd5 Bg7 9. c3 a5 10.
Nf3 O-O 11. a3 Bb7 12. axb4 axb4 13. Rxa8 Bxa8 14. cxb4 Nxd5 15. Bd4 e5 16. Bc3 Nxc3 17. Nxc3 d5 18. O-O d4 19. Na4 e4 20. Nd2 Re8 21. Bc4 Nc6 22. Nc5 Ne5 23. Re1 e3 24. fxe3 dxe3 25.
Rxe3 Qd4 26. Qe2 Ng4 27. Ne6 Qxe3+ 28. Qxe3 Nxe3 29. Nxg7 Kxg7 30. Bb5 Rb8 0-1

[Event "*** Titled Tuesday Blitz"]
[Site "Chess.com"]
[Date "2019.03.05"]
[Round "1"]
[White "ER404"]
[Black "StanislavNovikov"]
[Result "0-1"]
[WhiteElo "2292"]
[BlackElo "2649"]
[TimeControl "180+2"]
[EndTime "13:07:05 PST"]
[Termination "StanislavNovikov won by checkmate"]

1. Nf3 g6 2. c4 Bg7 3. d4 d6 4.
g3 Nf6 5. Bg2 O-O 6. Nc3 c6 7.
O-O Qb6 8. h3 Qa6 9. b3 b5 10.
Nd2 Bb7 11. e3 Nbd7 12. Qe2 b4 13. Nce4 c5 14. Bb2 Qb6 15. dxc5 dxc5 16. Nxf6+ Nxf6 17. Rfd1 Bxg2 18. Kxg2 a5 19. a4 bxa3 20. Rxa3 Rfd8 21. Rda1 Qb4 22. Nb1 Ne4 23. Bxg7 Kxg7 24. Qb2+ f6 25. f3 Qe1 26. fxe4 Rd1 27. Nc3 Qf1+ 28. Kh2 Qh1# 0-1

[Event "*** Titled Tuesday Blitz"]
[Site "Chess.com"]
[Date "2019.03.05"]
[Round "1"]
[White "Sajkochess"]
[Black "jbj"]
[Result "0-1"]
[WhiteElo "2226"]
[BlackElo "2584"]
[TimeControl "180+2"]
[EndTime "13:07:07 PST"]
[Termination "jbj won by resignation"]

1. e4 d6 2. d4 Nf6 3. Nc3 Nbd7 4. Nf3 e5 5. Rg1 c6 6. g4 h6 7. h4 exd4 8. Nxd4 Nc5 9. f3 Nxg4 10. fxg4 Qxh4+ 11. Kd2 Qg5+ 12. Ke1 Qh4+ 13. Kd2 Qf2+ 14. Nde2 Be7 15.
Qe1 Bg5+ 16. Kd1 Qf6 17. Bxg5 hxg5 18. Qg3 Rh4 19. Bh3 Be6 20. Kd2 O-O-O 21. Raf1 Qg6 22. Qf3 d5 23. e5 Ne4+ 24. Kc1 Rdh8 25. Rh1 Nxc3 26.
Nxc3 d4 27. Ne4 Bd5 28. Nd6+ Kb8 29. Qg3 Bxh1 30. Rxh1 Qe6 31. Qf3 f6 32. Bg2 Rxh1+ 33. Bxh1 Qxe5 34. b3 Qxd6 35. Bg2 Qf4+ 0-1

[Event "*** Titled Tuesday Blitz"]
[Site "Chess.com"]
[Date "2019.03.05"]
[Round "1"]
[White "MathiasWomacka"]
[Black "cherryandmint"]
[Result "0-1"]
[WhiteElo "2253"]
[BlackElo "2619"]
[TimeControl "180+2"]
[EndTime "13:07:12 PST"]
[Termination "cherryandmint won by resignation"]

1. e4 e5 2. Nf3 Nc6 3. Bc4 Nf6 4. d3 Bc5 5. c3 d6 6. O-O a6 7.
Bb3 O-O 8. Nbd2 Ba7 9. h3 Be6 10. Re1 Re8 11. Nf1 h6 12. Be3 Bxe3 13. Nxe3 Qd7 14. Nd5 Bxd5 15. Bxd5 Nxd5 16. exd5 Ne7 17. d4 Ng6 18. dxe5 dxe5 19. c4 c6 20. Qb3 cxd5 21.
cxd5 Rad8 22. Rad1 e4 23. Nh2 Nf4 24. d6 Nd3 25. Re3 Qxd6 26. Nf1 Qf6 27. Rd2 b5 28. Ng3 Nc5 29. Rxd8 Rxd8 30. Qc2 Nd3 31. Nxe4 Qxb2 32. Qc7 Qc1+ 33. Kh2 Qxc7+ 0-1

[Event "*** Titled Tuesday Blitz"]
[Site "Chess.com"]
[Date "2019.03.05"]
[Round "1"]
[White "AdrianaNikolova"]
[Black "DanielNaroditsky"]
[Result "0-1"]
[WhiteElo "2449"]
[BlackElo "2989"]
[TimeControl "180+2"]
[EndTime "13:07:14 PST"]
[Termination "DanielNaroditsky won on time"]

1. e4 e5 2. Nf3 Nc6 3. Nc3 Nf6 4.
Bb5 Nd4 5. Nxd4 exd4 6. e5 dxc3 7.
exf6 Qxf6 8. dxc3 Bc5 9. O-O O-O 10. Bd3 d6 11. Qh5 g6 12. Qh6 Re8 13. Bg5 Qg7 14.
Qh4 f5 15. Rae1 Be6 16. Bf6 Qf7 17. b3 c6 18. Re2 Bd5 19. Rfe1 Rxe2 20. Rxe2 Re8 21.
h3 Rxe2 22. Bxe2 Qe6 23. Kf1 Bxg2+ 24. Kxg2 Qxe2 25. Bd4 Bxd4 26. cxd4 Qe4+ 27. Qxe4 fxe4 28. Kg3 d5 29. Kf4 h5 30. h4 Kf7 31. c4 Kf6 32.
cxd5 cxd5 33. b4 b5 34. a3 a6 35. Kg3 Kf5 36. f3 e3 37. f4 Ke4 38. f5 gxf5 0-1

[Event "*** Titled Tuesday Blitz"]
[Site "Chess.com"]
[Date "2019.03.05"]
[Round "1"]
[White "SaraciNderim"]
[Black "Cryptinz"]
[Result "1-0"]
[WhiteElo "2727"]
[BlackElo "2355"]
[TimeControl "180+2"]
[EndTime "13:07:15 PST"]
[Termination "SaraciNderim won by resignation"]

1. d4 d5 2. c4 c6 3. Nc3 Nf6 4.
Nf3 dxc4 5. a4 Bf5 6. Ne5 Nbd7 7. Nxc4 Nb6 8. Ne5 a5 9. g3 Nfd7 10. Nxd7 Nxd7 11. Bg2 e6 12. O-O Bb4 13. e4 Bg6 14. d5 cxd5 15. exd5 Nc5 16. dxe6 Qxd1 17. exf7+ Bxf7 18. Rxd1 O-O 19. Be3 Bb3 20. Bd5+ Bxd5 21. Rxd5 Bxc3 22.
Bxc5 Bb4 23. Bxf8 Rxf8 24. Rad1 Rf3 25. R1d3 Rf6 26. Rd8+ Kf7 27. R3d7+ Kg6 28. Rg8 Bf8 29. Rxb7 h5 30. h4 Kf5 31. Rb5+ Ke4 32. Rxa5 Bb4 33. Rb5 Be1 34. Re8+ 1-0

[Event "*** Titled Tuesday Blitz"]
[Site "Chess.com"]
[Date "2019.03.05"]
[Round "1"]
[White "Gubajdullin"]
[Black "kinga2008"]
[Result "1-0"]
[WhiteElo "2463"]
[BlackElo "1849"]
[TimeControl "180+2"]
[EndTime "13:07:15 PST"]
[Termination "Gubajdullin won by resignation"]

1. d4 Nf6 2. Bf4 g6 3. e3 Bg7 4.
Nf3 d6 5. Be2 O-O 6. O-O Nbd7 7.
h3 Nh5 8. Bh2 e5 9. c3 f5 10.
Na3 e4 11. Nd2 Nhf6 12. Nac4 d5 13. Ne5 Nxe5 14. Bxe5 c6 15. c4 Be6 16. c5 Nd7 17. Bh2 Qg5 18. b4 Bh6 19. b5 Qf6 20. bxc6 bxc6 21.
Qa4 Bf7 22. Bd6 Rfc8 23. Ba6 f4 24. exf4 Bxf4 25. Bxf4 Qxf4 26. Bxc8 Rxc8 27. Nb3 Qc7 28. Na5 Nf6 29. Rab1 Be8 30. Rb7 Qd8 31. Rxa7 Nh5 32.
Qb3 Nf4 33. Qb7 Bd7 34. Qxd7 Qxd7 35. Rxd7 Ne2+ 36. Kh2 Nxd4 37. Rb1 Ne6 38. Rbb7 Nxc5 39. Rg7+ Kf8 40. Rbf7+ Ke8 41. Ra7 Kf8 42. Rxh7 Kg8 43. Rag7+ Kf8 44. Rxg6 Re8 45. Rh8+ Kf7 46. Rxe8 Kxg6 47.
Nxc6 Kf7 48. Re5 1-0

[Event "*** Titled Tuesday Blitz"]
[Site "Chess.com"]
[Date "2019.03.05"]
[Round "1"]
[White "mishanick"]
[Black "martinmartinez95"]
[Result "1-0"]
[WhiteElo "2982"]
[BlackElo "2448"]
[TimeControl "180+2"]
[EndTime "13:07:17 PST"]
[Termination "mishanick won by resignation"]

1. d4 Nf6 2. c4 g6 3. Nc3 Bg7 4. e4 d6 5. Nf3 O-O 6. Be2 e5 7.
Be3 exd4 8. Nxd4 Re8 9. f3 c6 10. Bf2 a6 11. O-O Nbd7 12. Qd2 Ne5 13. Rfd1 Qc7 14. Nb3 Bf8 15. Rac1 Bd7 16. h3 c5 17.
Bh4 Bg7 18. Qxd6 Qxd6 19. Rxd6 Nh5 20. Nxc5 Bc6 21. Bf1 Nf4 22. Nb3 Nxh3+ 23. Kh1 Nf4 24. Na5 Rac8 25. Nxc6 Nxc6 26. Bf2 Ne5 27. b3 Red8 28.
Rxd8+ Rxd8 29. Nd5 Nfd3 30. Bxd3 Nxd3 31. Rc2 Nxf2+ 32. Rxf2 Kf8 33. Rd2 Be5 34. Kg1 f5 35. exf5 gxf5 36. Re2 Bd6 37. Re6 Kg7 38. Kf1 Bc5 39. Re5 Kg6 40. Nf4+ Kg5 41. Nh3+ Kh4 42. Rxc5 Rd2 43. Rxf5 Rxa2 44. Kg1 Rb2 45. Kh2 h5 46. Nf4 1-0

[Event "*** Titled Tuesday Blitz"]
[Site "Chess.com"]
[Date "2019.03.05"]
[Round "1"]
[White "silverback96"]
[Black "Gr3egor"]
[Result "0-1"]
[WhiteElo "2088"]
[BlackElo "2503"]
[TimeControl "180+2"]
[EndTime "13:07:17 PST"]
[Termination "Gr3egor won by resignation"]

1. d4 Nf6 2. c4 e6 3. g3 c5 4. d5 exd5 5. cxd5 d6 6. Nc3 g6 7. Nf3 Bg7 8. Bg2 O-O 9. O-O Re8 10. Bf4 Ne4 11. Nxe4 Rxe4 12. Nd2 Rxf4 13. gxf4 b5 14. Rb1 a5 15. a3 c4 16. a4 Ba6 17. axb5 Bxb5 18.
Qc2 Nd7 19. Nxc4 Rc8 20. b3 a4 21. Qd1 Bxc4 22. bxc4 Rxc4 23. e3 Nc5 24. Qe2 Rc3 25.
Rfc1 Qa5 26. Rxc3 Bxc3 27. Qc4 a3 28. Qa2 Bb2 29. Rxb2 axb2 30. Qxa5 b1=Q+ 31. Bf1 Ne4 32. f3 Nf6 33. Qd8+ Kg7 34. Qxd6 Qd1 35. Kf2 Nxd5 36.
Be2 Qd2 37. Qe5+ f6 38. Qe6 Nc3 39. Qc4 Nd1+ 40. Kg3 Qe1+ 41. Kh3 Nxe3 42. Qa2 Qf2 43. Qa7+ Kh6 44. Qa2 Qg2+ 0-1

[Event "*** Titled Tuesday Blitz"]
[Site "Chess.com"]
[Date "2019.03.05"]
[Round "1"]
[White "Swarnapuri"]
[Black "KyronGriffith"]
[Result "1-0"]
[WhiteElo "2678"]
[BlackElo "2299"]
[TimeControl "180+2"]
[EndTime "13:07:19 PST"]
[Termination "Swarnapuri won by resignation"]

1. d4 Nf6 2. Bf4 g6 3. e3 Bg7 4. Nf3 O-O 5. Be2 d6 6. O-O Nfd7 7. h3 Nc6 8. Bh2 e5 9. c4 f5 10. Nc3 e4 11. Nd2 Kh8 12. Nb3 Nf6 13. d5 Ne5 14. c5 g5 15. cxd6 cxd6 16. Nd4 f4 17. exf4 gxf4 18. Bxf4 Ng6 19. Bg3 a6 20. Qb3 Qe7 21.
Rad1 Bd7 22. Qb6 Ne5 23. Ne6 Bxe6 24. dxe6 Rad8 25. Bh4 Qxe6 26. Bxf6 Bxf6 27. Nxe4 Nd7 28. Qe3 Be5 29. Bg4 Qxa2 30. Nxd6 Qxb2 31. Bxd7 Rxd7 32. Nc4 Rxd1 33. Rxd1 Qc2 34. Qxe5+ Kg8 35. Qd5+ Kh8 36. Qd4+ Kg8 37. Rd2 Qc1+ 38. Kh2 b5 39. Ne3 Qc7+ 40. g3 Rb8 41. Ng4 b4 42. Nh6+ Kf8 43. Re2 Qc3 44.
Qf4+ Kg7 45. Re7+ Kh8 46. Nf7+ Kg8 47. Nh6+ Kh8 48. Qxb8+ 1-0

[Event "*** Titled Tuesday Blitz"]
[Site "Chess.com"]
[Date "2019.03.05"]
[Round "1"]
[White "chess4life23"]
[Black "leoo2001"]
[Result "1/2-1/2"]
[WhiteElo "2340"]
[BlackElo "2685"]
[TimeControl "180+2"]
[EndTime "13:07:20 PST"]
[Termination "Game drawn by repetition"]

1. d4 Nf6 2. c4 g6 3. Nc3 d5 4. cxd5 Nxd5 5. e4 Nxc3 6. bxc3 Bg7 7. Be3 O-O 8. Qd2 c5 9. d5 Nd7 10. Be2 b6 11. Rc1 e6 12. dxe6 fxe6 13. Nf3 Bb7 14. Ng5 Qe7 15. Bc4 Ne5 16. Bxe6+ Kh8 17. Bd5 Bxd5 18. exd5 Nc4 19. Qd3 Nxe3 20. Qxe3 Qb7 21. Ne6 Qxd5 22. Nxf8 Qxg2 23. Nxg6+ Qxg6 24. Kf1 Bh6 25. Qe5+ Bg7 26. Qg3 Qe4 27. Rg1 Qc4+ 28. Kg2 Qxa2 29.
Kh1 Qf7 30. Rce1 a5 31. Re4 a4 32. Rf4 Qb7+ 33. f3 Bxc3 34. Rg4 Qf7 35. Rf4 Qd7 36. Rg4 Qf7 37. Rf4 Qd7 38. Rg4 Qf7 1/2-1/2

[Event "*** Titled Tuesday Blitz"]
[Site "Chess.com"]
[Date "2019.03.05"]
[Round "1"]
[White "NateSolon"]
[Black "quesfr"]
[Result "1-0"]
[WhiteElo "2580"]
[BlackElo "2223"]
[TimeControl "180+2"]
[EndTime "13:07:21 PST"]
[Termination "NateSolon won on time"]

1. d4 d5 2. c4 e6 3. Nc3 Nf6 4. cxd5 exd5 5. Bg5 c6 6. e3 Be7 7. Bd3 Nbd7 8. Nge2 h6 9. Bh4 Nh5 10. Bxe7 Qxe7 11.
g4 Nhf6 12. Ng3 Nb6 13. h3 g6 14. Qc2 Bd7 15. O-O-O O-O-O 16. Kb1 Kb8 17. Rhe1 Bc8 18. f3 Qc7 19. Qf2 a6 20. e4 Qf4 21. e5 Nfd7 22.
Nge2 Qg5 23. f4 Qe7 24. f5 Nf8 25. Nf4 Qg5 26. h4 Qe7 27. Rg1 gxf5 28. gxf5 Qc7 29. Rg7 c5 30. e6 cxd4 31. Qxd4 1-0

[Event "*** Titled Tuesday Blitz"]
[Site "Chess.com"]
[Date "2019.03.05"]
[Round "1"]
[White "emperor87"]
[Black "zeitnot2006"]
[Result "1-0"]
[WhiteElo "2547"]
[BlackElo "2078"]
[TimeControl "180+2"]
[EndTime "13:07:21 PST"]
[Termination "emperor87 won by resignation"]

1. Nf3 b6 2. g3 Bb7 3. Bg2 e6 4.
O-O Nf6 5. d3 Be7 6. e4 d6 7.
Nc3 Nbd7 8. Bg5 h6 9. Bxf6 Nxf6 10. Qe2 O-O 11. e5 dxe5 12. Nxe5 Bxg2 13. Kxg2 Bd6 14. f4 c5 15. Rae1 Rc8 16. Qf3 Qc7 17. Ne4 Bxe5 18.
fxe5 Qxe5 19. Nxf6+ Qxf6 20. Qxf6 gxf6 21. Rxf6 Kg7 22.
Rf4 Rcd8 23. g4 Rd4 24. Ree4 Rxe4 25. Rxe4 Rd8 26. h4 Kg6 27. Kf3 Rd7 28. a4 a6 29. Ke3 h5 30. g5 Rd6 31. Rf4 e5 32.
Rc4 f5 33. gxf6 Kxf6 34. a5 Ke6 35. axb6 Rxb6 36. b3 Kd5 37. Ra4 Ke6 38. Ra5 Kd5 39. c4+ Kd6 40. Ke4 Rxb3 41. Rxa6+ Kd7 42. Rh6 Rb1 43. Rxh5 Re1+ 44. Kd5 Re3 45. Rxe5 Rxd3+ 46. Kxc5 Rh3 47. h5 Rh4 48. Kd5 Rh1 49. c5 Kc7 50. Ke6 Rf1 51. Rf5 Rh1 52. Kf6 Kd7 53. Kg6 Ke6 54. Rg5 Ra1 55. h6 Rf1 56. h7 Rf6+ 57.
Kg7 Rf7+ 58. Kg8 Ke7 59. Re5+ 1-0